[Event "*** Titled Tuesday Blitz"]
[Site "Chess.com"]
[Date "2021.03.09"]
[Round "4"]
[White "A-Fier"]
[Black "Cptn2"]
[Result "1-0"]
[WhiteElo "2698"]
[BlackElo "2430"]
[TimeControl "180+1"]
[EndTime "10:42:57 PST"]
[Termination "A-Fier won by resignation"]

1. d4 Nf6 2. c4 e6 3. Nf3 b6 4. a3 Bb7 5. Nc3 Be7 6. Qc2 d5 7. cxd5 exd5 8. g3 O-O 9. Bg2 c5 10. O-O Na6 11. Rd1 Rc8 12. Bg5 h6 13. Bxf6 Bxf6 14.
e3 Nc7 15. Rac1 Ne6 16. dxc5 bxc5 17. Qb3 Qb6 18. Qxb6 axb6 19. Nxd5 Bxd5 20. Rxd5 Bxb2 21. Rb1 Bxa3 22. Rxb6 c4 23. Ne1 c3 24. Nc2 Bb2 25. f4 Rfd8 26. e4 Nc5 27. Kf2 Rxd5 28. exd5 Re8 29. d6 Kf8 30. Bc6 Rd8 31. Bd5 g5 32.
Ke3 gxf4+ 33. Kxf4 Bc1+ 34. Kf5 Kg7 35. Rc6 Nb7 36.
Rxc3 Nxd6+ 37. Kg4 Bg5 38. Bb3 Ne4 39. Rc7 Rd7 40. Rc8 Nf2+ 41. Kf3 Nd3 42. h4 Bf6 43. Ne3 Ne5+ 44. Kg2 Bd8 45. Nf5+ Kf6 46. Nxh6 Bb6 47. Kh3 Rd3 48. Bxf7 Nxf7 49. Ng4+ Kg7 50. Rb8 Rb3 51. Rb7 Rb4 52. Ne5 Kf6 53. Nxf7 Bc5 54.
Rxb4 Bxb4 55. Ng5 Bf8 56. Kg4 Kg6 57. Ne4 Kh6 58. Kf5 Kh7 59. g4 Ba3 60. g5 Bb2 61.
h5 Kg8 62. Nf6+ Kh8 63. Nd7 Kh7 64. Ne5 Kg7 65. h6+ Kh7 66. Kf6 Kg8 67. g6 Kh8 68. Ke6 Kg8 69. Nf7 Kf8 70. h7 Bh8 71. Nxh8 Kg7 72.
Nf7 Kxg6 73. h8=R Kg7 74. Rh1 1-0

[Event "*** Titled Tuesday Blitz"]
[Site "Chess.com"]
[Date "2021.03.09"]
[Round "4"]
[White "eCztery"]
[Black "jovencata"]
[Result "1-0"]
[WhiteElo "2430"]
[BlackElo "2173"]
[TimeControl "180+1"]
[EndTime "10:42:58 PST"]
[Termination "eCztery won on time"]

1. d4 a6 2. e4 b5 3. c4 Bb7 4. cxb5 axb5 5. Bxb5 Bxe4 6. Nf3 Nf6 7. O-O e6 8. Nc3 Bb7 9. Bg5 Be7 10. d5 O-O 11.
Bxf6 Bxf6 12. Bc4 Bxc3 13. bxc3 Bxd5 14. Bxd5 exd5 15. Qxd5 c6 16. Qh5 Ra5 17. Qh3 d5 18. Rad1 Rxa2 19. Rd4 Nd7 20. c4 Nf6 21. Ne5 c5 22.
Rf4 d4 23. g4 Qc7 24. Re1 Re8 25. g5 Rxe5 26. Rxe5 Qxe5 27. gxf6 Ra8 28. Rf5 Qe4 29. Qf3 Qxf3 30. Rxf3 gxf6 31. Rf5 Rc8 32. Kf1 Kg7 33. Ke2 Kg6 34. Rd5 f5 35. f4 Kf6 36. Kd3 Ke7 37.
Rxf5 f6 38. Rh5 Ke6 39. Rxh7 Ra8 40. f5+ Ke5 41. Rc7 Ra3+ 42. Ke2 Ke4 43. Rxc5 Ra2+ 44. Kf1 Kf3 45. Ke1 Ke3 46. Kf1 Kf3 47. Ke1 Ke3 48. Kf1 Rxh2 49. Rc6 Rf2+ 50. Kg1 Rxf5 51. Re6+ Kd2 52.
Kg2 d3 53. Kg3 Kc2 54. Kg4 Rh5 55. Kxh5 d2 56. Rd6 d1=Q+ 57. Rxd1 Kxd1 58. Kg6 1-0

[Event "*** Titled Tuesday Blitz"]
[Site "Chess.com"]
[Date "2021.03.09"]
[Round "4"]
[White "gisela_roque"]
[Black "jannat65"]
[Result "0-1"]
[WhiteElo "1750"]
[BlackElo "1945"]
[TimeControl "180+1"]
[EndTime "10:43:02 PST"]
[Termination "jannat65 won on time"]

1. c4 c6 2. Nf3 d5 3. b3 Nf6 4. Bb2 e6 5. g3 Be7 6. Bg2 O-O 7. O-O Nbd7 8. e3 b6 9. Nc3 Bb7 10. Rc1 Rc8 11. d3 Re8 12. Rc2 Bf8 13. Ne2 e5 14. Qa1 e4 15. dxe4 Nxe4 16. cxd5 cxd5 17. Rxc8 Bxc8 18.
Rd1 Bb7 19. Nf4 Ndc5 20. Nd2 Nxd2 21. Rxd2 Ne4 22. Bxe4 Rxe4 23. Qd1 Bb4 24. Rd3 d4 25. Rxd4 Rxd4 26. Qxd4 Qxd4 27. Bxd4 Kf8 28. Nd3 Be7 29. Kf1 Ba6 30. Ke2 f6 31. Kd2 Kf7 32. Nf4 g5 33.
Nd5 Bd8 34. Kc3 Ke6 35. Nb4 Bb7 36. Nd3 h5 37. f4 g4 38. Nf2 f5 39. b4 Be7 40. b5 Bd6 41. Nd3 Be7 42. Ne5 Bd6 43. Nc4 Kd5 44. Nd2 Be7 45. Kd3 Bb4 46. Nb3 Ke6 47. Nc1 Be4+ 48. Kc4 Bd5+ 49. Kxb4 Bb7 50. a4 Kd5 51. Kc3 Ke4 52. Kd2 Kf3 53. Nd3 Kg2 54. Ke2 Kxh2 55. Kf2 h4 56. Ne1 hxg3+ 57. Kf1 g2+ 58.
Nxg2 Bxg2+ 59. Kf2 g3+ 60. Ke2 Be4 0-1

[Event "*** Titled Tuesday Blitz"]
[Site "Chess.com"]
[Date "2021.03.09"]
[Round "4"]
[White "ChessAurochs"]
[Black "TimofeevAr"]
[Result "0-1"]
[WhiteElo "2584"]
[BlackElo "2879"]
[TimeControl "180+1"]
[EndTime "10:43:03 PST"]
[Termination "TimofeevAr won by resignation"]

1. e4 d5 2. exd5 Nf6 3. d4 Nxd5 4. c4 Nf6 5. Nc3 g6 6. Nf3 Bg7 7. Be3 O-O 8. Be2 Bg4 9. O-O c6 10. h3 Bxf3 11. Bxf3 Nbd7 12. Qc2 e6 13. Rad1 Rc8 14.
Rfe1 a6 15. a4 Qc7 16. Bg5 Qa5 17. Bh4 Qb4 18. Na2 Qb6 19. b4 a5 20. c5 Qa7 21.
b5 Nd5 22. Bg3 Rfe8 23. Bd6 Bf8 24. Bxf8 Kxf8 25. Nc3 N7f6 26. Nxd5 exd5 27. b6 Qb8 28. Qd2 Qa8 29. Qf4 Kg7 30. g4 Qb8 31. Qd2 Ne4 32.
Bxe4 dxe4 33. Re3 Qf4 34. Qxa5 Rcd8 35. Qc3 Rd5 36. Rde1 h5 37. Rg3 hxg4 38. Rxg4 Qf5 39. Qe3 Qd7 40. Rxe4 Rxe4 41. Qxe4 Qxh3 42. Qg2 Qc3 43. Re3 Qxd4 44. Re7 Qxc5 45. Rxb7 Rd1+ 46. Kh2 Qh5+ 47. Kg3 Rd3+ 48. f3 Qg5+ 49. Kh3 Qh6+ 50. Kg3 Qg5+ 51. Kh3 Qf5+ 52. Kg3 Qe5+ 53. Kh3 Qe6+ 54.
Kg3 Qd6+ 55. Kh3 Rd2 56. Qg3 Qe6+ 57. Qg4 Qe5 58. f4 Rd3+ 59. Kg2 Qb2+ 60. Kh1 Qc1+ 61.
Qg1 Rd1 62. Qxd1 Qxd1+ 63. Kg2 Qd5+ 64. Kg3 c5 65. Rc7 Qb3+ 0-1

[Event "*** Titled Tuesday Blitz"]
[Site "Chess.com"]
[Date "2021.03.09"]
[Round "4"]
[White "mr65"]
[Black "maximnovik"]
[Result "1-0"]
[WhiteElo "2106"]
[BlackElo "2543"]
[TimeControl "180+1"]
[EndTime "10:43:04 PST"]
[Termination "mr65 won by resignation"]

1. e4 c6 2. Nc3 d5 3. Nf3 Bg4 4. h3 Bxf3 5. Qxf3 e6 6. g3 Nf6 7. Bg2 Be7 8. O-O O-O 9. d3 d4 10. Ne2 e5 11. g4 h6 12. Ng3 Nh7 13. Nf5 Bg5 14. Qg3 Nd7 15. f4 exf4 16. Bxf4 Bxf4 17. Rxf4 Ne5 18. b3 c5 19. a4 a5 20.
Raf1 Ra6 21. R4f2 Re8 22. Nh4 Ng5 23. Rf5 Rae6 24. Nf3 Ngxf3+ 25. Bxf3 g6 26. Rf4 Kg7 27. Be2 Qe7 28. Bf3 Rh8 29. Be2 Re8 30. Bf3 Rf6 31. Be2 Rxf4 32. Qxf4 Qg5 33. Qf2 Re6 34. h4 Qd2 35.
Bd1 Qxf2+ 36. Rxf2 Rf6 37. Rg2 Rf4 38. Kh2 g5 39.
hxg5 hxg5 40. Be2 Kf6 41. Kg3 Ng6 42. Rh2 Nh4 43. Rxh4 Rxe4 44. dxe4 gxh4+ 45. Kxh4 Ke5 46. Bd3 Kf4 47. g5 Ke3 48. Kh5 Kd2 49. Kh6 Kc3 50. Kg7 b5 51. Kxf7 c4 52. bxc4 bxc4 53. Bxc4 Kxc4 54.
e5 Kc3 55. e6 Kxc2 56. e7 d3 57. e8=Q d2 58. Qc6+ Kb2 59. Qd5 Kc2 60. g6 d1=Q 61.
Qxd1+ Kxd1 62. g7 Kc2 63. g8=Q Kb3 64. Qe8 Kb4 65. Qb5+ Kc3 66. Qxa5+ Kd4 67. Qb5 Ke4 68. a5 1-0

[Event "*** Titled Tuesday Blitz"]
[Site "Chess.com"]
[Date "2021.03.09"]
[Round "4"]
[White "iturrizaga"]
[Black "lachesisQ"]
[Result "0-1"]
[WhiteElo "2837"]
[BlackElo "3087"]
[TimeControl "180+1"]
[EndTime "10:43:05 PST"]
[Termination "lachesisQ won on time"]

1. c4 e5 2. g3 Nf6 3. Bg2 c6 4. Nf3 e4 5. Nd4 d5 6. cxd5 Qxd5 7. e3 Na6 8. Nc3 Qe5 9. O-O Be7 10. d3 exd3 11.
Qxd3 O-O 12. h3 Rd8 13. Qe2 Bc5 14. Nb3 Bb6 15. Kh2 Nb4 16. e4 Nd3 17. f4 Nxc1 18. Raxc1 Qe7 19. e5 Nd5 20. Nxd5 cxd5 21. Qd3 g6 22. Nd4 Bxd4 23. Qxd4 Bf5 24. Rc3 Be4 25. Rfc1 Qe6 26. h4 Bxg2 27. Kxg2 h5 28. Rc7 Rac8 29.
Rxc8 Rxc8 30. Rxc8+ Qxc8 31. Qxd5 Qc2+ 32. Kh3 Qxb2 33.
Qd8+ Kh7 34. Qd5 Kg7 35. e6 Qf6 36. e7 Qxe7 37. Qd4+ Kh7 38. Qxa7 Qe4 39. Kh2 Qe2+ 40. Kg1 Qf3 41. Qf2 Qe4 42. Qg2 Qb1+ 43. Kh2 Qb5 44.
Qd2 Qc4 45. Kg2 b5 46. Kf2 b4 47. Qe2 Qd5 48. Qc2 Qd4+ 49. Kf3 Kg7 50. Qb3 Qc5 51.
Qe3 Qd5+ 52. Qe4 Qd1+ 53. Qe2 Qh1+ 54. Qg2 Qb1 55. Qe2 Kf8 56. Qc4 Qh1+ 57. Kf2 Qh2+ 58.
Kf3 Qb2 59. Qc5+ Kg8 60. Qc8+ Kg7 61. Qc4 Qd2 62. Qb3 Kf6 63. Qc4 Qd6 64. Qe2 Qd5+ 65. Qe4 Qd1+ 66. Qe2 Qxe2+ 67. Kxe2 Kf5 68. Kf3 f6 69.
Ke3 Kg4 70. Kf2 Kh3 71. f5 gxf5 72. Kf3 Kh2 73. Kf4 Kg2 74. Kxf5 Kxg3 75. Kxf6 Kxh4 76.
Ke5 Kg3 0-1

[Event "*** Titled Tuesday Blitz"]
[Site "Chess.com"]
[Date "2021.03.09"]
[Round "4"]
[White "Zmof"]
[Black "dosto07"]
[Result "1-0"]
[WhiteElo "2157"]
[BlackElo "2322"]
[TimeControl "180+1"]
[EndTime "10:43:05 PST"]
[Termination "Zmof won by checkmate"]

1. e4 e5 2. Bc4 Nc6 3. Nf3 Bc5 4. O-O d6 5. Re1 Nf6 6. c3 O-O 7. d4 exd4 8. cxd4 Bb6 9. h3 h6 10. Nc3 Re8 11. a3 a6 12. Bf4 Ne7 13. Ba2 Ng6 14. Bh2 Be6 15. Bxe6 Rxe6 16. Qd3 Qd7 17. Rad1 Rae8 18. Qb1 c6 19. e5 Nd5 20. exd6 Ngf4 21.
Nxd5 Nxd5 22. Rxe6 Rxe6 23. Re1 c5 24. Rxe6 Qxe6 25.
Qd3 cxd4 26. b4 Nf6 27. Bg3 Qd5 28. Be5 Ne4 29. Bxd4 Nxd6 30. Qe3 Bxd4 31. Qxd4 Qxd4 32. Nxd4 Kf8 33. Kf1 Ke7 34. Ke2 Kd7 35. Kd3 b6 36. f4 f5 37. g4 g6 38. gxf5 gxf5 39. Nf3 Ke7 40. Ne5 Ne4 41. Nc6+ Kf6 42. Nb8 Nf2+ 43. Ke3 Nxh3 44. Nxa6 Ng1 45. Nc7 h5 46. Nd5+ Ke6 47.
Nxb6 h4 48. Kf2 Nh3+ 49. Kf3 Kd6 50. a4 Kc6 51. a5 Kb5 52. Nd5 Ng1+ 53. Kg2 Ne2 54.
Kh3 Nd4 55. Kxh4 Nc6 56. Kg5 Kc4 57. a6 Kxd5 58. b5 Na7 59. b6 Nc6 60. a7 Nd4 61. a8=Q+ Kc4 62. b7 Kd3 63. b8=Q Nf3+ 64. Kf6 Ke3 65.
Qa3+ Kf2 66. Qbb2+ Kg3 67. Qbb3 Kg4 68. Qxf3+ Kh4 69.
Qh3# 1-0

[Event "*** Titled Tuesday Blitz"]
[Site "Chess.com"]
[Date "2021.03.09"]
[Round "4"]
[White "tusplingher"]
[Black "arctic_t00"]
[Result "0-1"]
[WhiteElo "2298"]
[BlackElo "2525"]
[TimeControl "180+1"]
[EndTime "10:43:06 PST"]
[Termination "arctic_t00 won by resignation"]

1. e4 e6 2. d4 d5 3. Bd3 c5 4.
exd5 exd5 5. Nf3 c4 6. Be2 Nc6 7. O-O Bd6 8. b3 cxb3 9. axb3 Nge7 10. Nc3 O-O 11. Be3 h6 12. Re1 Be6 13. Bd3 a6 14.
Qd2 Bb4 15. Bxh6 Bxc3 16. Qxc3 gxh6 17. Qd2 Kg7 18. Qf4 Ng6 19. Qg3 Qf6 20. c3 Qf4 21.
Bxg6 Qxg3 22. hxg3 Kxg6 23. Re3 Rae8 24. Rae1 Bd7 25. Kf1 Rxe3 26. fxe3 Re8 27. Kf2 f6 28.
Rb1 Kg7 29. c4 Bf5 30. Rb2 Be4 31. Nd2 f5 32. b4 dxc4 33. Nxc4 Rd8 34. b5 axb5 35.
Rxb5 Ne7 36. Ne5 Ra8 37. Rb2 Nd5 38. Rxb7+ Kf6 39. Rb2 Ra3 40. g4 Nxe3 41. Rb6+ Kg7 42. Rg6+ Kh7 43. gxf5 Nxf5 44. Rf6 Ra2+ 45. Ke1 Nxd4 46.
Rf7+ Kg8 47. Rd7 Nc2+ 48. Kd1 Ne3+ 49. Ke1 Nxg2+ 50. Kf1 Ne3+ 51. Ke1 Ng2+ 52. Kf1 Nf4 53. Rd8+ Kg7 54. Rd7+ Kf6 55. Ng4+ Kg5 56. Nf2 Bf3 57. Rg7+ Kf6 58. Rd7 Ra1+ 59. Nd1 Rxd1+ 60. Rxd1 Bxd1 61. Kf2 Kg5 62. Kg3 h5 63. Kh2 h4 64. Kg1 Ba4 65. Kh1 Bc6+ 66. Kh2 Kg4 67. Kg1 h3 68. Kh2 Nh5 69.
Kg1 Kg3 70. Kf1 h2 0-1

[Event "*** Titled Tuesday Blitz"]
[Site "Chess.com"]
[Date "2021.03.09"]
[Round "4"]
[White "ShahMatKanal"]
[Black "ymoy"]
[Result "1/2-1/2"]
[WhiteElo "2497"]
[BlackElo "2635"]
[TimeControl "180+1"]
[EndTime "10:43:07 PST"]
[Termination "Game drawn - insufficient material"]

1. e4 c5 2. Nf3 d6 3. Bb5+ Bd7 4. Bxd7+ Qxd7 5. O-O Nc6 6. c4 Nf6 7. Nc3 e5 8. d3 h6 9. Rb1 a5 10. Ne1 g5 11.
Nc2 Nd4 12. a3 Nxc2 13. Qxc2 a4 14. b3 axb3 15. Qxb3 Rb8 16. a4 Be7 17. Nd1 O-O 18. Ne3 Kh7 19. Nf5 Bd8 20. Bd2 Ng8 21. g3 Ne7 22. Ne3 f5 23. f4 gxf4 24. gxf4 fxe4 25. fxe5 Rxf1+ 26. Rxf1 Ng6 27. exd6 Bg5 28. Nd5 Qg4+ 29.
Kh1 Nh4 30. Rf2 Bxd2 31. Nf6+ Kg6 32. Nxg4 e3 33. Rf6+ Kg5 34. Qd1 h5 35. Re6 hxg4 36. Qe2 Rf8 37. Rxe3 Bxe3 38. Qxe3+ Kg6 39. Qe6+ Kh5 40.
Qe5+ Kg6 41. Qe4+ Nf5 42. Kg1 Rd8 43. Qxg4+ Kf6 44. Qe4 Rxd6 45. Qxb7 Rxd3 46. Qc6+ Kg5 47. Qxc5 Rd1+ 48. Kf2 Rd2+ 49. Ke1 Ra2 50. h4+ Kg4 51. h5 Ra1+ 52. Kd2 Rh1 53. h6 Rxh6 54. Kc3 Rh3+ 55. Kb4 Rh1 56. Qd5 Rb1+ 57. Kc5 Re1 58. Qg8+ Kf4 59.
a5 Re5+ 60. Kb4 Nd4 61. Qf8+ Ke4 62. Kc3 Rxa5 63. Qe8+ Re5 64. Qxe5+ Kxe5 65. c5 Nc6 66. Kc4 Ke6 67. Kb5 Kd7 68. Kb6 Nd4 69. c6+ Nxc6 1/2-1/2

[Event "*** Titled Tuesday Blitz"]
[Site "Chess.com"]
[Date "2021.03.09"]
[Round "4"]
[White "XxPetroffsxX"]
[Black "ChronicUnhappiness"]
[Result "0-1"]
[WhiteElo "2195"]
[BlackElo "2349"]
[TimeControl "180+1"]
[EndTime "10:43:09 PST"]
[Termination "ChronicUnhappiness won on time"]

1. d4 Nf6 2. c4 e6 3. Nc3 Bb4 4. f3 c5 5. e3 d5 6. dxc5 Bxc5 7.
cxd5 exd5 8. Bb5+ Nc6 9. Nge2 O-O 10. O-O Qb6 11. Qd3 a6 12. Bxc6 bxc6 13. Na4 Qa7 14. Nxc5 Qxc5 15. Qd4 Qd6 16. b4 a5 17. Qc5 Qxc5 18.
bxc5 Ba6 19. Re1 Bxe2 20. Rxe2 Rfb8 21. Bb2 Rb5 22. Bd4 Rab8 23. a4 Rb1+ 24. Rxb1 Rxb1+ 25. Kf2 Rb4 26. Ra2 Rb3 27. g4 Nd7 28. Kg3 f6 29.
Kf4 Kf7 30. h4 h6 31. h5 Ke6 32. Ra1 Ne5 33. Kg3 Nc4 34. Re1 Rb4 35. e4 Rxa4 36. exd5+ Kxd5 37. Bf2 Ne5 38. Rd1+ Kc4 39. Rd4+ Kb5 40.
Rd6 Ra3 41. Bd4 Nxf3 42. Kf4 Ne5 43. Bxe5 fxe5+ 44. Kxe5 Kxc5 45. Rd7 a4 46. Kf5 Rc3 47. Rxg7 a3 48. Ra7 Kb4 49. g5 hxg5 50. Kxg5 a2 51.
h6 Ra3 52. Rb7+ Kc5 53. h7 a1=Q 54. Rb1 Qxb1 55. h8=Q Qg1+ 56. Kf6 Rf3+ 57. Ke7 Qe3+ 58. Kd7 Qd4+ 59. Kc8 Qxh8+ 60. Kb7 Qe5 61. Kc8 Rf7 0-1

[Event "*** Titled Tuesday Blitz"]
[Site "Chess.com"]
[Date "2021.03.09"]
[Round "4"]
[White "elextranjero00"]
[Black "shnitez"]
[Result "1/2-1/2"]
[WhiteElo "2648"]
[BlackElo "2499"]
[TimeControl "180+1"]
[EndTime "10:43:10 PST"]
[Termination "Game drawn by stalemate"]

1. e4 c5 2. Nf3 e6 3. g3 Nf6 4. Qe2 Nc6 5. Bg2 d5 6. d3 Be7 7. O-O O-O 8. e5 Nd7 9. c4 dxc4 10. dxc4 Qc7 11. Bf4 Rd8 12. Nc3 a6 13. Rad1 Rb8 14.
h4 b5 15. Nd5 Qa5 16. Nxe7+ Nxe7 17. Ng5 Nf8 18. Rxd8 Qxd8 19. Ne4 bxc4 20. Nd6 Nd5 21. Bc1 c3 22. bxc3 Ne7 23. Rd1 Qc7 24. h5 h6 25.
Qg4 Nf5 26. Qf4 Nh7 27. g4 Nxd6 28. exd6 Qd7 29. Be3 Bb7 30. Bxb7 Rxb7 31. Bxc5 e5 32. Qf3 Ng5 33. Qf5 Qxf5 34. gxf5 Rd7 35. Rb1 Nh3+ 36.
Kf1 Nf4 37. Rb6 f6 38. Rc6 Kf7 39. Ke1 Nxh5 40. Ke2 Nf4+ 41. Ke3 Nd5+ 42. Ke4 Nxc3+ 43. Kd3 Nd5 44. Kc4 Nf4 45. Rxa6 h5 46. f3 g5 47.
fxg6+ Nxg6 48. Rc6 h4 49. Rc7 Nf8 50. a4 Ke6 51. a5 h3 52. Bg1 Kxd6 53. Rxd7+ Kxd7 54. a6 Kc6 55. a7 Kb7 56. Kd5 Nd7 57. Ke6 Nb6 58.
Kxf6 Nd5+ 59. Kxe5 Ne3 60. Kf4 Ng2+ 61. Kg3 Ne1 62. f4 Nd3 63. f5 Ne5 64. f6 Nf7 65. Kxh3 Ng5+ 66. Kg4 Nf7 67. Kf5 Nd6+ 68. Ke6 Ne4 69.
f7 Ng5+ 70. Ke7 Nxf7 71. Kxf7 Ka8 72. Ke6 Kb7 73. Kd6 Ka8 74. Kc7 1/2-1/2

[Event "*** Titled Tuesday Blitz"]
[Site "Chess.com"]
[Date "2021.03.09"]
[Round "4"]
[White "elohunter1999"]
[Black "Sergey85Rodchenkov"]
[Result "0-1"]
[WhiteElo "2631"]
[BlackElo "2502"]
[TimeControl "180+1"]
[EndTime "10:43:10 PST"]
[Termination "Sergey85Rodchenkov won by resignation"]

1. Nf3 Nf6 2. g3 b5 3. Bg2 Bb7 4. Na3 b4 5. Nc4 c5 6. O-O e6 7.
d4 d5 8. Nce5 Nbd7 9. c4 dxc4 10. Nxf7 Kxf7 11. Ng5+ Ke7 12. Bxb7 Rb8 13. Bg2 h6 14. Nf3 g5 15. Qc2 Rc8 16. Qxc4 Qb6 17. Be3 Nd5 18. Bd2 Bg7 19. dxc5 Rxc5 20. Qd3 Bxb2 21. Rab1 Bc3 22. e4 Bxd2 23. exd5 Rxd5 24. Qg6 Bc3 25. Rfe1 Rf8 26. Re2 Rdf5 27. Bh3 R5f6 28.
Qh7+ R8f7 29. Qg8 Qc6 30. Re3 Nc5 31. Rd1 Rf8 32. Qg7+ R6f7 33. Qxh6 Rxf3 34. Qxg5+ Bf6 35. Qh6 Rxe3 36. Qxe3 Rd8 37. Re1 Bd4 38. Qh6 Rf8 39.
Re2 Rf6 40. Qh7+ Kd6 41. Bg2 Qd7 42. Qg8 Kc7 43. Qg4 e5 44. Qxd7+ Kxd7 45. Kf1 Nd3 46. h4 Nxf2 47. Ke1 Ng4 48. Bh3 Rg6 49. Re4 Kd6 50.
Rxg4 Rf6 51. h5 e4 52. Rg6 Ke5 53. Rxf6 Kxf6 54. g4 Kg5 55. Ke2 a5 56. Kd1 a4 57.
Kc2 e3 58. Bf1 Kxg4 59. Be2+ Kg5 60. Kd3 Bc5 61. Kc4 Bd6 62. Kd4 Bf4 63. Kc4 Bd6 64. Kd4 b3 65. axb3 a3 66. Kc3 Be5+ 67. Kc2 a2 68. b4 a1=Q 69. Kb3 Qb2+ 70. Kc4 Qxe2+ 0-1

[Event "*** Titled Tuesday Blitz"]
[Site "Chess.com"]
[Date "2021.03.09"]
[Round "4"]
[White "howitzer14"]
[Black "Alexsur1981"]
[Result "1-0"]
[WhiteElo "3034"]
[BlackElo "2833"]
[TimeControl "180+1"]
[EndTime "10:43:11 PST"]
[Termination "howitzer14 won on time"]

1. Nc3 c5 2. e3 Nc6 3. d4 cxd4 4. exd4 d5 5. Bf4 a6 6. h3 Nf6 7. Nf3 e6 8. Bd3 Bd6 9. Qd2 Qc7 10. Bxd6 Qxd6 11.
O-O O-O 12. Rfe1 Bd7 13. Ne2 Nb4 14. Nf4 Nxd3 15. cxd3 Rfc8 16. Ne5 Be8 17. Rac1 Qb6 18. Ne2 Nd7 19. Nxd7 Bxd7 20. Rxc8+ Rxc8 21. Rc1 Rc6 22. Rxc6 Bxc6 23. a3 a5 24. Qc3 h6 25. Kf1 a4 26.
Ng1 g5 27. Nf3 f6 28. Ne1 Kf7 29. Nc2 Bb5 30. Ke2 Qd6 31. Qb4 Qxb4 32. Nxb4 Ke7 33. Ke3 Kd6 34. g3 Be8 35. Na2 Bd7 36. Nc3 Bc6 37. Ne2 Bd7 38. h4 Ke7 39. f4 gxh4 40.
gxh4 Kf7 41. Kd2 Kg6 42. Ng3 h5 43. f5+ exf5 44. Ke3 f4+ 45. Kxf4 Bb5 46. Ke3 Bc6 47. Kd2 Bb5 48. Ke3 Bc6 49. Kf3 Bb5 50. Ne2 Kf5 51.
Nf4 Ba6 52. Nxh5 Bxd3 53. Ng3+ Kg6 54. Kg4 Bc2 55. Kf4 Bd1 56. Nf5 Kh5 57. Ne3 Bb3 58. Kf5 Kxh4 59. Kxf6 Kg3 60. Ke5 Kf3 61. Nxd5 Ke2 62.
Nb6 Kd3 63. d5 Bxd5 64. Kxd5 Kc2 65. Kc5 Kxb2 66. Kb4 Kc2 67. Kxa4 Kc3 68. Kb5 Kb3 69. a4 Kc3 70. a5 1-0

[Event "*** Titled Tuesday Blitz"]
[Site "Chess.com"]
[Date "2021.03.09"]
[Round "4"]
[White "Nozdrachev_Leonid"]
[Black "SaraciNderim"]
[Result "0-1"]
[WhiteElo "2530"]
[BlackElo "2796"]
[TimeControl "180+1"]
[EndTime "10:43:11 PST"]
[Termination "SaraciNderim won by resignation"]

1. e4 e5 2. Nf3 Nc6 3. Bb5 Nf6 4. O-O Nxe4 5. d4 Nd6 6. dxe5 Nxb5 7. a4 d6 8. axb5 Nxe5 9. Re1 Be7 10. Nxe5 dxe5 11.
Qxd8+ Kxd8 12. Rxe5 Be6 13. Bg5 Bxg5 14. Rxg5 g6 15. Nc3 Ke7 16. Rc5 Rhc8 17. f3 c6 18.
bxc6 b6 19. Re5 Rxc6 20. Kf2 a5 21. Rd1 Rac8 22. g4 Kf8 23. h4 a4 24. Ra1 Ra8 25.
Rb5 a3 26. Ke3 Kg7 27. Kd2 Rd8+ 28. Kc1 axb2+ 29. Kxb2 Rd2 30. Rd1 Rf2 31. Rd3 Bc4 32. Rdd5 Bxb5 33. Rxb5 Rxf3 34. Ne4 Rf4 35. Re5 Rxg4 36.
Ng5 Rxh4 37. Nf3 Rf4 38. Nd2 Rf2 39. Ne4 Rfxc2+ 40. Kb3 h5 41. Re7 R2c4 42. Nd2 Rf4 43. Ne4 h4 44. Ng5 h3 45. Nxh3 Rf3+ 46. Kb4 Rxh3 47. Re8 Re6 48. Rb8 Rh5 49. Kc4 Rf6 50.
Kd3 b5 51. Ke4 Rff5 52. Ke3 Rc5 53. Kf4 Rc4+ 54. Kg3 Rd5 55. Kf3 Rd3+ 56. Ke2 Rb3 57. Kd2 b4 58. Rb7 Rcc3 59. Rb8 Rb2+ 60. Kd1 b3 61.
Re8 Rcc2 62. Rg8+ Kxg8 0-1

[Event "*** Titled Tuesday Blitz"]
[Site "Chess.com"]
[Date "2021.03.09"]
[Round "4"]
[White "maxip32"]
[Black "XDPS"]
[Result "0-1"]
[WhiteElo "2516"]
[BlackElo "2723"]
[TimeControl "180+1"]
[EndTime "10:43:14 PST"]
[Termination "XDPS won on time"]

1. e4 e5 2. Nf3 Nc6 3. Bc4 Bc5 4. O-O Nf6 5. d3 O-O 6. a4 d5 7. exd5 Nxd5 8. Nbd2 Bg4 9. Ne4 Be7 10. h3 Bh5 11. Ng3 Bg6 12. Re1 Bf6 13. Ne4 Be7 14. Ng3 Nb6 15. Bb3 Bc5 16. a5 Nd7 17. a6 Rb8 18.
axb7 Rxb7 19. Bg5 Qb8 20. Ne4 Bd6 21. Bd5 Rb6 22. b3 Nb4 23. Bc4 h6 24. Be3 Rb7 25. c3 Nc6 26. Bd5 Ne7 27. Bxb7 Qxb7 28. Rxa7 Qc6 29.
Nxd6 cxd6 30. c4 Rb8 31. Qc2 Nf5 32. Rea1 Nc5 33. Bxc5 Qxc5 34. Ra8 Rxa8 35. Rxa8+ Kh7 36. Qc3 Qc6 37. Ra1 Bh5 38. Nd2 Nd4 39. Kh2 Bg6 40.
b4 Qb6 41. Ne4 f5 42. Ng3 f4 43. Ne4 f3 44. c5 dxc5 45. bxc5 Qc6 46. Rb1 fxg2 47.
Rb6 Qc8 48. Kxg2 Qf5 49. Rxg6 Qf3+ 50. Kh2 Kxg6 51. c6 Qf4+ 52. Kg2 Qf3+ 53. Kh2 Qf4+ 54. Kg2 Nf3 55. c7 Nh4+ 56. Kf1 Qf3 57. c8=Q Qd1+ 58. Qe1 Qxd3+ 59. Qe2 Qxh3+ 60. Ke1 Qxc8 61. Ng3 Qc1+ 62. Qd1 Qxd1+ 63. Kxd1 Kf6 64. Ke2 Nf5 65. Nh5+ Kg5 0-1

[Event "*** Titled Tuesday Blitz"]
[Site "Chess.com"]
[Date "2021.03.09"]
[Round "4"]
[White "andrzej"]
[Black "Magila31"]
[Result "1/2-1/2"]
[WhiteElo "2357"]
[BlackElo "2224"]
[TimeControl "180+1"]
[EndTime "10:43:18 PST"]
[Termination "Game drawn by repetition"]

1. e4 c5 2. Nc3 Nc6 3. Bb5 Nd4 4.
Nf3 e6 5. Nxd4 cxd4 6. Ne2 Qb6 7. a4 Ne7 8. O-O Nc6 9. d3 Ne5 10. Bf4 Bd6 11. Bxe5 Bxe5 12. f4 Bf6 13. e5 Be7 14. b3 a6 15. Bc4 d6 16. a5 Qc7 17. exd6 Bxd6 18. Qe1 Bd7 19. Qg3 O-O-O 20. Kh1 g5 21. Qf2 Bxf4 22. Nxf4 gxf4 23. Qxf4 f5 24. Qxd4 Rhg8 25.
Qa7 Rg6 26. Rae1 Re8 27. d4 Bc6 28. d5 exd5 29. Qa8+ Qb8 30. Rxe8+ Bxe8 31. Qxb8+ Kxb8 32. Bxd5 Bd7 33. c4 Kc7 34. g3 b6 35. axb6+ Rxb6 36. Rf3 Kd6 37. Kg2 Kc5 38. Kf2 Kb4 39. Rd3 Be6 40. Bxe6 Rxe6 41. Kf3 a5 42. h4 Re4 43. Rd5 Re7 44. Rxf5 Kxb3 45. Rxa5 Kxc4 46. Rh5 Kd4 47. Kg4 Ke4 48. Rh6 Rg7+ 49. Kh3 Kf3 50. Rf6+ Ke4 51. Rf1 Ke3 52. h5 Ke4 53. Rf6 Ke5 54. Rf2 Ke4 55. g4 Ke3 56. Rf1 Ke2 57. Rf8 Ke3 58. Kh4 Ke4 59. g5 Ke5 60. Kg4 Ke6 61.
Rf6+ Ke7 62. Rf1 Rf7 63. Rxf7+ Kxf7 64. Kf5 Kg7 65. Ke6 Kf8 66. Kf6 Kg8 67. Kf5 Kg7 68. Ke5 Kf7 69. Kf5 Kg7 1/2-1/2

[Event "*** Titled Tuesday Blitz"]
[Site "Chess.com"]
[Date "2021.03.09"]
[Round "4"]
[White "Maddie"]
[Black "fabianvivasz"]
[Result "1/2-1/2"]
[WhiteElo "2070"]
[BlackElo "2280"]
[TimeControl "180+1"]
[EndTime "10:43:19 PST"]
[Termination "Game drawn by stalemate"]

1. d4 Nf6 2. c4 c5 3. d5 b5 4.
cxb5 a6 5. bxa6 g6 6. Nc3 Bg7 7.
g3 Bxa6 8. Bg2 d6 9. Nf3 Nbd7 10. O-O Nb6 11. Re1 O-O 12. Nd2 Ra7 13. e4 Nfd7 14.
f4 c4 15. Bf1 Nc5 16. a4 Nd3 17. Bxd3 cxd3 18. Nf3 Qc7 19. Be3 Rb7 20. Rc1 Nc4 21.
Nb5 Bxb5 22. axb5 Bxb2 23. Qxd3 Bxc1 24. Rxc1 Rc8 25. Nd2 Qa5 26. Rxc4 Rxc4 27. Qxc4 Qxb5 28. Qc8+ Kg7 29. Bd4+ f6 30. e5 Qxd5 31. exf6+ exf6 32. Bc3 Qc5+ 33. Qxc5 dxc5 34. Kf2 Kf7 35. Ke3 f5 36. Nc4 Re7+ 37. Ne5+ Ke6 38. Kd3 Kd5 39. Bb2 Rb7 40. Bc3 Rb3 41. Kc2 Ra3 42. Kb2 Ra4 43. Kb3 Re4 44. Nf7 Re2 45. h4 Rg2 46. Bf6 Rxg3+ 47. Kc2 Rf3 48. Bg5 Kd4 49. Ne5 Rf2+ 50. Kd1 Ke3 51.
Nc4+ Kd3 52. Ne5+ Kd4 53. Ke1 Rh2 54. Nf3+ Ke3 55. Nxh2 c4 56. Kd1 Kf2 57. Kc2 Kg2 58. Kc3 Kxh2 59. Kxc4 Kg3 60. Kd5 Kg4 61. Ke6 Kh5 62. Kf6 h6 63. Kg7 hxg5 64. hxg5 Kg4 65. Kxg6 Kxf4 66. Kh6 Ke3 67. g6 f4 68. g7 f3 69.
g8=Q f2 70. Qb3+ Ke2 71. Qc2+ Kf3 72. Qd3+ Kg2 73. Qe2 Kg1 74. Qe3 Kg2 75. Qg5+ Kh2 76. Qf4+ Kg2 77. Qg4+ Kh2 78. Qf3 Kg1 79. Qg3+ Kh1 80.
Qxf2 1/2-1/2

[Event "*** Titled Tuesday Blitz"]
[Site "Chess.com"]
[Date "2021.03.09"]
[Round "4"]
[White "kingofthenil"]
[Black "Grandmaster2B"]
[Result "1/2-1/2"]
[WhiteElo "2787"]
[BlackElo "2537"]
[TimeControl "180+1"]
[EndTime "10:43:20 PST"]
[Termination "Game drawn - insufficient material"]

1. e4 c5 2. d3 Nc6 3. g3 Nf6 4. Bg2 d5 5. exd5 Nxd5 6. Nf3 Bg4 7. O-O e6 8. h3 Bh5 9. Nbd2 Bd6 10. Nc4 Bc7 11. Re1 O-O 12. a4 a6 13. c3 b5 14. axb5 axb5 15. Rxa8 Qxa8 16. Ne3 Nf6 17. g4 Bg6 18. Nh4 Qa6 19. Nxg6 hxg6 20. Bd2 Rd8 21.
Qe2 Ne5 22. d4 cxd4 23. cxd4 Rxd4 24. Bc3 Rd8 25. Nc2 Nc4 26. b3 Nb6 27. Nb4 Qa3 28.
Nc6 Qxb3 29. Bxf6 gxf6 30. Nxd8 Bxd8 31. Rd1 Bc7 32. Rd3 Qc4 33. Qd1 Kg7 34. Rd4 Qc5 35. Re4 Nd5 36. Re1 Bb6 37. Qd2 Nc3 38. Kh1 b4 39.
Rc1 Qxf2 40. Qxf2 Bxf2 41. Bf1 Bd4 42. Bc4 Kf8 43. Ra1 f5 44. gxf5 gxf5 45. Ra8+ Kg7 46. Rb8 Bc5 47. Rc8 Be7 48. Rc7 Kf6 49. Rb7 f4 50.
Kg2 Bd6 51. Kf3 Nb1 52. Bd3 Nd2+ 53. Ke2 Nb3 54. h4 Nd4+ 55. Kf2 f3 56. h5 Bc5 57.
Be4 Nb3+ 58. Kxf3 Nd2+ 59. Kf4 e5+ 60. Kg4 Nxe4 61. Rc7 Bf8 62. Rc6+ Kg7 63. Kf5 Nd6+ 64. Kxe5 f6+ 65. Ke6 Ne4 66. Kf5 Nd6+ 67. Ke6 Ne4 68. Kf5 Ng3+ 69. Kg4 Ne2 70. Rc7+ Kh6 71. Rf7 Bg7 72. Rb7 Nd4 73. Rxb4 f5+ 74. Kf4 Kxh5 75. Rxd4 Bxd4 76. Kxf5 1/2-1/2